 Dungeon Crawl Stone Soup version 0.29.1-12-g30fa7ad0bf (webtiles) character file.

Game seed: 8039243193583661415

13 MisterFreud the Ducker (level 2, 0/14 HPs)
             Began as a Felid Berserker on Jan 13, 2023.
             Was a Follower of Trog.
             Slain by a quokka (3 damage)
             ... on level 1 of the Dungeon.
             The game lasted 00:00:35 (437 turns).

MisterFreud the Ducker (Felid Berserker)             Turns: 437, Time: 00:00:36

Health: 0/14       AC:  1    Str: 13    XL:     2   Next: 24%
Magic:  3/3        EV: 18    Int:  8    God:    Trog [*.....]
Gold:   0          SH:  0    Dex: 15    Spells: 1/1 levels left
                                        Lives:  0   Deaths: 0

rFire   . . .      SeeInvis +     - Unarmed
rCold   . . .      Faith    .   (shield unavailable)
rNeg    . . .      Spirit   .   (body armour unavailable)
rPois   .          Reflect  .   (helmet unavailable)
rElec   .          Harm     .   (cloak unavailable)
rCorr   .          Rampage  .   (gloves unavailable)
Will    .....                   (boots unavailable)
Stlth   ++........              (no amulet)
HPRegen 0.04/turn               (no ring)
MPRegen 0.08/turn               (no ring)

@: quick
A: very small, claws 1, fangs 3, see invisible, speed 1, shaggy fur 1, stealthy
paws, no weapons or thrown items, no armour, multi-lived
a: Renounce Religion, Berserk


You were on level 1 of the Dungeon.
You worshipped Trog.
Trog was aware of your devotion.
You visited 1 branch of the dungeon, and saw 1 of its levels.

Inventory:

Scrolls
 c - a scroll of magic mapping {unknown}
Potions
 a - a potion of cancellation {unknown}
 b - a potion of mutation {unknown}


   Skills:
 - Level 3.0 Fighting
 - Level 4.0 Dodging
 + Level 2.0 Stealth
 + Level 3.3 Unarmed Combat


You had one spell level left.
You didn't know any spells.
Your spell library was empty.

Dungeon Overview and Level Annotations

Branches:
Dungeon (1/15)

Altars:


Innate Abilities, Weirdness & Mutations

You have sharp claws.
You have razor-sharp teeth.
You have supernaturally acute eyesight. (SInv)
You cover ground quickly. (Speed+)
You are covered in fur. (AC +1)
Your paws help you pounce on unaware monsters.
You are incapable of wielding weapons or throwing items.
You cannot wear armour.
You gain extra lives every three experience levels.


Message History

You scratch the giant cockroach. Your bite misses the giant cockroach.
The giant cockroach is heavily wounded.
The giant cockroach barely misses you.
A quokka comes into view.
There are monsters nearby!
You scratch the giant cockroach.
You kill the giant cockroach!
Trog accepts your kill.
An endoplasm comes into view.
There are monsters nearby!
There are monsters nearby!
You barely miss the quokka. The quokka misses you.
There are monsters nearby!
The endoplasm quivers.
You scratch the quokka.
You kill the quokka!
Trog accepts your kill. The quokka completely misses you.
The goblin closely misses you.
Your Stealth skill increases to level 2!
You closely miss the goblin. You claw the goblin, but do no damage.
The quokka closely misses you. The goblin closely misses you.
You barely miss the goblin. The quokka completely misses you.
The goblin hits you with a +0 club.
There are monsters nearby!
Unknown command.
You scratch the goblin.
The goblin is severely wounded.
The quokka completely misses you.
You barely miss the goblin.
The goblin is severely wounded.
The goblin misses you. The quokka bites you.
You are too injured to fight recklessly!
Unknown command.
You are too injured to fight recklessly!
Unknown command.
The goblin hits you with a +0 club.
* * * LOW HITPOINT WARNING * * *
The quokka misses you.
You fail to use your ability.
The quokka bites you.
You die...

##...........#.#.........#.##...P
#...........##.#.......###.##..P♣
...........................##..♣♣
#.............##.##.#########..♣
#...≈≈≈.≈≈≈...##.##.### #..P
...≈≈.....≈≈...#......## #...P
..≈≈..8..♣.≈≈....##....# #....
.≈≈.........≈≈.####g...# ##...
.≈...........≈.[@r.J...# #.##
.≈........8..≈..####...# #..
.≈≈..8.<..♣.≈≈.. #.†.#
..≈≈.......≈≈... #†..#
...≈≈.....≈≈.... .......
....≈≈≈≈≈≈≈..... ..........
................ ...........
................###..#...###
###.##.......... #.###..#


You could see an endoplasm, a quokka and a goblin.

Vanquished Creatures
  2 bats (D:1)
  A giant cockroach (D:1)
  4 jackals (D:1)
  A kobold (D:1)
  A quokka (D:1)
  2 rats (D:1)
11 creatures vanquished.

Vanquished Creatures (others)
  A plant (D:1)
1 creature vanquished.

Grand Total: 12 creatures vanquished

Notes
Turn   | Place    | Note
-------+----------+-------------------------------------------
     0 | D:1      | MisterFreud the Felid Berserker began the quest for the
                  | Orb.
     0 | D:1      | Reached XP level 1. HP: 10/10 MP: 2/2
    49 | D:1      | Reached skill level 1 in Stealth
   106 | D:1      | Reached XP level 2. HP: 6/14 MP: 3/3
   437 | D:1      | Slain by a quokka

Illustrated notes

Levels and vault maps discovered:
D:1:      moated_graveyard_arrival, layout_loops_cross, serial_forest,
          infiniplex_forest_clump_tiny, infiniplex_forest_clump_C,
          infiniplex_forest_straight_2, infiniplex_forest_fountain,
          infiniplex_forest_straight_2, infiniplex_forest_lined_3,
          infiniplex_forest_zigzag_1, chequers_jeans, minmay_pentomino_x2

Skill      XL: |  1  2 |
---------------+-------+-----
Stealth        | 1 2 |  2.0
Fighting       | |  3.0
Dodging        | |  4.0
Unarmed Combat | |  3.3

Action                   || total
-------------------------++-------
Melee: Unarmed           ||    42
       Bite              ||     2
       Punch             ||     2
Invok: Berserk           ||     1
 Stab: Sleeping          ||     1
Armor: Skin              ||     5
Dodge: Dodged            ||    43
